 Dungeon Crawl Stone Soup version 0.31-a0-1009-g454b1f1e0a (webtiles) character file.

Game seed: 7132333332333207643

54 Avanven the Ruffian (level 3, 0/27 HPs)
             Began as a Demigod Shapeshifter on Nov 14, 2023.
             Constricted to death by a ball python (1 damage)
             ... on level 2 of the Dungeon.
             The game lasted 00:01:13 (1268 turns).

Avanven the Ruffian (Demigod Shapeshifter)          Turns: 1268, Time: 00:01:14

Health: 0/27       AC:  2    Str: 15    XL:     3   Next: 44%
Magic:  5/5        EV:  9    Int: 16    God:
Gold:   84         SH:  0    Dex: 13    Spells: 2/2 levels left

rFire   . .          .
                       - Unarmed
rCold   . . .        (no shield)
rNeg    . . .        a - +0 animal skin
rPois   .            (helmet currently unavailable)
rElec   .            (cloak currently unavailable)
rCorr   .            (gloves currently unavailable)
SInv    .            (boots currently unavailable)
Will    .....        (no amulet)
Stlth   +            (no ring)
HPRegen 0.24/turn    (no ring)
MPRegen 0.09/turn

%: no passive effects
@: beast-form, constricted
A: beast (slay +1), high MP 1, forlorn, divine attributes
a: Begin Untransformation


You were on level 2 of the Dungeon.
You were a hulking beast.
You visited 1 branch of the dungeon, and saw 2 of its levels.

You collected 84 gold pieces.

Inventory:

Armour
 a - a +0 animal skin (worn)
 g - a +0 pair of boots
Talismans
 c - a beast talisman
 d - a flux talisman
Scrolls
 e - 3 scrolls of amnesia {unknown}
 i - a scroll of vulnerability {unknown}
 j - a scroll of identify {unknown}
Potions
 b - a potion of lignification
 f - a potion of haste {unknown}
 h - 2 potions of curing {unknown}


   Skills:
 - Level 0.8 Fighting
 - Level 1.7 Dodging
 * Level 4.2 Unarmed Combat
 - Level 2.6 Shapeshifting


You had 2 spell levels left.
You didn't know any spells.
Your spell library was empty.

Dungeon Overview and Level Annotations

Branches:
Dungeon (2/15)


Innate Abilities, Weirdness & Mutations

You are a hulking beast.
Your limbs bulge with bestial killing power. (Slay +1)
You have an increased reservoir of magic. (+10% MP)
You shall have no god before yourself.
Your divine heritage dramatically boosts your attributes as you level up.


Message History

The ball python misses you. The adder barely misses you.
You hit the adder but do no damage.
The adder is severely wounded.
The adder bites you.
You closely miss the adder.
The adder is severely wounded.
The adder bites you. The adder bites you but does no damage.
You hit the adder.
You kill the adder!
The adder bites you. x2
You are poisoned.
The adder poisons you!
You are too injured to fight recklessly!
You miss the adder.
You feel sick. The hobgoblin misses you. The ball python closely misses you.
The ball python grabs you. The ball python constricts you. The adder bites you.
You barely miss the adder.
You feel sick. The ball python closely misses you.
The ball python constricts you. The hobgoblin completely misses you.
The adder barely misses you.
You hit the adder.
The adder is lightly wounded.
You feel sick. The ball python bites you.
* * * LOW HITPOINT WARNING * * *
The ball python constricts you.
* * * LOW HITPOINT WARNING * * *
The hobgoblin barely misses you. The adder bites you.
* * * LOW HITPOINT WARNING * * *
The ball python bites you.
* * * LOW HITPOINT WARNING * * *
The ball python constricts you.
You hit the adder.
The adder is moderately wounded.
You feel sick.
You are no longer poisoned.
The adder bites you.
* * * LOW HITPOINT WARNING * * *
The hobgoblin hits you but does no damage.
The ball python bites you but does no damage.
The ball python constricts you.
You die...

.. . . .### .. ..
>... ... ... ..###
.... .. #.... .....##
#)##..#
......g###.†..###.#.#
##h#[##.........
..#SS...#..###.####
..............)....$#
##.....#####.##..#.##
<...#..# #.# ##
###..#..# #.# ...
#..# #.# .#.
#..#####.# #........#


You could see an adder, a hobgoblin and a ball python.

Vanquished Creatures
  2 adders (D:2)
  2 ball pythons (D:1)
  6 endoplasms
  A giant cockroach (D:1)
  3 goblins
  4 hobgoblins (D:1)
  3 jackals (D:1)
  2 quokkas
  2 bats (D:1)
  3 frilled lizards (D:1)
  2 kobolds (D:1)
  A rat (D:2)
31 creatures vanquished.

Notes
Turn   | Place    | Note
-------+----------+-------------------------------------------
     0 | D:1      | Avanven the Demigod Shapeshifter began the quest for the
                  | Orb.
     0 | D:1      | Reached XP level 1. HP: 15/15 MP: 3/3
    42 | D:1      | Reached skill level 3 in Unarmed Combat
   237 | D:1      | Reached XP level 2. HP: 22/22 MP: 4/4
  1192 | D:2      | Reached XP level 3. HP: 18/27 MP: 5/5
  1210 | D:2      | Reached skill level 4 in Unarmed Combat
  1268 | D:2      | HP: 1/27 [adder (1)]
  1268 | D:2      | Constricted to death by a ball python

Illustrated notes

Levels and vault maps discovered:
D:1:      lemuel_arrival_behind_the_door_small, layout_basic
D:2:      layout_basic, minmay_tall_x

Skill      XL: |  1  2  3 |
---------------+----------+-----
Unarmed Combat | 3 4 |  4.2
Fighting       | |  0.8
Dodging        | |  1.7
Shapeshifting  | |  2.6

Action                     || total
---------------------------++-------
  Melee: Unarmed           ||   118
   Stab: Sleeping          ||     2
 Armour: Animal skin       ||    51
  Dodge: Dodged            ||    87

Table legend: (Time is in decaauts)
 A = Elapsed time spent in this place.
 B = Non-inter-level travel time spent in this place.
 C = Inter-level travel time spent in this place.
 D = Time resting spent in this place.
 E = Time spent auto-exploring this place.
 F = Levels seen in this place.
 G = Mean time per level.
                   A        B        C        D        E       F      G
               +--------+--------+--------+--------+--------+-----+--------+
         Total |   1260 |   1238 |     22 |      0 |   1002 |   2 |  630.0 |
       Dungeon |   1260 |   1238 |     22 |      0 |   1002 |   2 |  630.0 |
               +--------+--------+--------+--------+--------+-----+--------+

Top non-repeatable levels by time:
     D:1: 1163 daAuts
     D:2: 96 daAuts
